 Dungeon Crawl Stone Soup version 0.19.5 (webtiles) character file.

58 WanderingOwl the Magician (level 3, -5/24 HPs)
             Began as a Demonspawn Wizard on Mar 31, 2017.
             Killed from afar by Sigmund (8 damage)
             ... with a puff of flame
             ... on level 2 of the Dungeon.
             The game lasted 00:30:07 (1338 turns).

WanderingOwl the Magician (Demonspawn Wizard)       Turns: 1338, Time: 00:30:07

Health: -5/24      AC:  2    Str:  8    XL:     3   Next: 75%
Magic:  8/8        EV: 12    Int: 19    God:
Gold:   41         SH:  0    Dex: 11    Spells: 1 memorised, 9 levels left

rFire  . . .     SeeInvis .     e - +0 dagger
rCold  . . .     Gourm    .     a - +0 robe
rNeg   . . .     Faith    .     (no shield)
rPois  .         Spirit   .     b - +0 hat
rElec  .         Reflect  .     (no cloak)
rCorr  .         Harm     .     (no gloves)
MR     .....                    (no boots)
Stlth  ++........               (no amulet)
                                (no ring)
                                (no ring)

@: no status effects
A: spiny 1
a: no special abilities


You were on level 2 of the Dungeon.
You were very hungry.

You visited 1 branch of the dungeon, and saw 2 of its levels.

You collected 41 gold pieces.

Inventory:

Hand Weapons
 e - a +0 dagger (weapon)
Armour
 a - a +0 robe (worn)
 b - a +0 hat (worn)
Scrolls
 i - a scroll of remove curse {unknown}
 j - a scroll of teleportation {unknown}
Potions
 f - 2 potions of curing {unknown}
 g - a potion of ambrosia {unknown}
Books
 c - a book of Minor Magic

   Spells                             Type                      Level
   a - Magic Dart                     Conjuration                  1
   b - Blink                          Translocation                2
   c - Call Imp                       Summoning                    2
   d - Repel Missiles                 Charms/Air                   2
   e - Slow                           Hexes                        2
   f - Conjure Flame                  Conjuration/Fire             3
   g - Mephitic Cloud                 Conjuration/Poison/Air       3
Comestibles
 d - 3 bread rations
 h - a beef jerky


   Skills:
 + Level 0.2 Fighting
 + Level 0.1 Short Blades
 + Level 2.0 Dodging
 + Level 1.9 Stealth
 + Level 4.1 Spellcasting
 + Level 1.3 Conjurations
   Level 1.0 Summonings
   Level 0.8 Translocations


You had 9 spell levels left.
You knew the following spells:

 Your Spells              Type           Power        Failure   Level  Hunger
a - Magic Dart            Conj           #...         10%         1    None


Dungeon Overview and Level Annotations

Branches:
Dungeon (2/15)

Altars:

Annotations:
D:2 Sigmund


Innate Abilities, Weirdness & Mutations

You are partially covered in sharp spines.


Message History

Sigmund shouts!
A goblin comes into view.
The goblin shouts!
Sigmund hits you but does no damage. Sigmund casts a spell at you.
The magic dart hits you!
* * * LOW HITPOINT WARNING * * *
Sigmund closely misses you. Sigmund barely misses you.
Sigmund points at you and mumbles some strange words.
You resist with significant effort. Sigmund hits you but does no damage.
Sigmund gestures wildly while chanting.
Sigmund flickers and vanishes!
Deactivating autopickup; reactivate with Ctrl-A.
The goblin wields a hunting sling.
The goblin shoots a stone.
You hear some strange, mumbled words.
A puff of flame appears from out of thin air!
The puff of flame hits you!
You die...

#.# #.# ..######.###.#
#...........#.#
...######.#.#.# .# #.#.#.# g#
#.#.#.## {# #....... #. ##'##
#.#.##.. #. ##@..## #......≈
#.### ##.....## #.......
#.#.## ##.......# #.......
#....####.........####....≈≈≈
#.......'.........+....≈.P≈≈≈
#...†####...........#..≈≈P≈≈≈
#.#.### ##.......##...≈≈≈≈≈≈P
#.....# ##.....###....≈P≈≈≈P
#####.# ##...###..≈≈≈≈≈≈≈≈.


You could see a goblin.

Vanquished Creatures
  Ijyb (D:2)
  2 dart slugs
  2 leopard geckos
  7 bats
  5 goblins
  2 hobgoblins (D:1)
  A jackal (D:1)
  5 kobolds (D:1)
  A quokka (D:2)
  A frilled lizard (D:1)
  2 rats (D:1)
29 creatures vanquished.

Notes
Turn   | Place    | Note
-------+----------+-------------------------------------------
     0 | D:1      | WanderingOwl the Demonspawn Wizard began the quest for the Orb.
     0 | D:1      | Reached XP level 1. HP: 13/13 MP: 4/4
   140 | D:1      | Gained mutation: You are partially covered in sharp spines. [demonic ancestry]
   140 | D:1      | Reached XP level 2. HP: 3/19 MP: 0/6
  1065 | D:2      | Noticed Ijyb
  1100 | D:2      | Killed Ijyb
  1100 | D:2      | Reached skill level 4 in Spellcasting
  1100 | D:2      | Reached XP level 3. HP: 1/24 MP: 6/8
  1324 | D:2      | Noticed Sigmund
  1338 | D:2      | Killed from afar by Sigmund

Skill      XL: |  1  2 |
---------------+-------+-----
Dodging        | 2 |  2.0
Spellcasting   | 4 |  4.1
Fighting       | |  0.2
Short Blades   | |  0.1
Stealth        | |  1.9
Conjurations   | |  1.3
Summonings     | |  1.0
Translocations | |  0.8

Action                   || total
-------------------------++-------
Melee: Dagger            ||    12
       Unarmed           ||     6
 Cast: Magic Dart        ||    37
Armor: Robe              ||    18
Dodge: Dodged            ||    59
